 Dungeon Crawl Stone Soup version 0.20-a0-350-ga83eecc (webtiles) character file.

50 recordrepeat the Skirmisher (level 3, -1/33 HPs)
             Began as a Hill Orc Fighter on Dec 23, 2016.
             Slain by a worm (7 damage)
             ... on level 2 of the Dungeon.
             The game lasted 00:04:55 (1258 turns).

recordrepeat the Skirmisher (Hill Orc Fighter)      Turns: 1258, Time: 00:04:55

Health: -1/33      AC:  9    Str: 19    XL:     3   Next: 79%
Magic:  3/3        EV: 10    Int:  8    God:
Gold:   72         SH:  9    Dex: 15    Spells: 2/2 levels left

rFire  . . .     SeeInvis .     a - +0 war axe
rCold  . . .     Gourm    .     p - +0 chain mail
rNeg   . . .     Faith    .     c - +0 shield
rPois  .         Spirit   .     (no helmet)
rElec  .         Reflect  .     (no cloak)
rCorr  .         Harm     .     (no gloves)
MR     .....                    (no boots)
Stlth  ..........               (no amulet)
                                (no ring)
                                (no ring)

@: agile, lethally poisoned (-1 -> -3)
A: no striking features
a: no special abilities


You were on level 2 of the Dungeon.
You were not hungry.

You visited 1 branch of the dungeon, and saw 2 of its levels.

You collected 72 gold pieces.

Inventory:

Hand Weapons
 a - a +0 war axe (weapon)
Missiles
 l - 5 silver javelins (quivered)
Armour
 c - a +0 shield (worn)
 p - a +0 chain mail (worn)
Scrolls
 h - a scroll of fear {unknown}
 i - 3 scrolls of identify {unknown}
 k - 2 scrolls of enchant weapon {unknown}
 o - a scroll of random uselessness {unknown}
 q - a scroll of amnesia {unknown}
Potions
 b - a potion of ambrosia {unknown}
 d - a potion of might
 e - 2 potions of agility
 j - a potion of berserk rage {unknown}
 m - 2 potions of flight {unknown}
Comestibles
 f - 2 bread rations
 g - a chunk of flesh
 n - a beef jerky


   Skills:
 + Level 4.2 Fighting
 + Level 4.0 Axes
 + Level 3.5 Armour
 + Level 0.1 Stealth
 + Level 3.6 Shields


You had 2 spell levels left.
You didn't know any spells.

Dungeon Overview and Level Annotations

Branches:
Dungeon (2/15)

Altars:


Message History

The adder is heavily wounded.
You slash the worm! The adder barely misses you. The worm bites you.
You closely miss the adder.
The adder is heavily wounded.
You hit the worm.
You feel sick. You block the adder's attack. The adder barely misses you.
You closely miss the adder.
The adder is heavily wounded.
You hit the worm. The adder bites you but does no damage. The worm bites you.
The adder bites you but does no damage.
Your shield and chain mail prevent you from hitting the adder.
The adder is heavily wounded.
Your shield and chain mail prevent you from hitting the worm.
The adder bites you.
* * * LOW HITPOINT WARNING * * *
You block the worm's attack. The adder barely misses you.
It was a potion of agility.
You feel agile all of a sudden.
You feel sick. The adder barely misses you. The worm bites you!
You die...

##.......##.###
.#.......##... .#
.........##.# ..
#....>...<..#### #.
#........##....#
#..##.####..........
#.l....##.....<.###
.<.######.#.......#..###
......w@Sl..............
...######.............##
#..%###..#####.#
#.#..##.## #.##
...##..#.# #... ####
..... ♣♣♣♣...
....♣♣♣.P♣♣##
.=..♣♣......# ♣P.P♣♣..


You could see a worm, an adder and a leopard gecko.

Vanquished Creatures
  An adder (D:2)
  An ooze (D:1)
  3 dart slugs
  2 leopard geckos (D:1)
  A ball python (D:2)
  2 giant cockroaches
  4 goblins
  A hobgoblin (D:2)
  6 kobolds
  4 bats
  4 rats (D:1)
29 creatures vanquished.

Notes
Turn   | Place    | Note
-------+----------+-------------------------------------------
     0 | D:1      | recordrepeat the Hill Orc Fighter began the quest for the Orb.
     0 | D:1      | Reached XP level 1. HP: 19/19 MP: 1/1
   142 | D:1      | Reached XP level 2. HP: 27/27 MP: 2/2
   737 | D:1      | Reached XP level 3. HP: 33/33 MP: 3/3
  1258 | D:2      | Slain by a worm

Vault maps used:
D:1:      minmay_arrival_glassed_features
D:2:      nicolae_overflow_crystal_walls, serial_forest, infiniplex_forest_pool,
          infiniplex_forest_straight_2, infiniplex_forest_straight_3,
          infiniplex_forest_end_1, uniq_crazy_yiuf_cottage

Skill      XL: |  1  2  3 |
---------------+----------+-----
Fighting       | 4 |  4.2
Axes           | 3 4 |  4.0
Armour         | |  3.5
Stealth        | |  0.1
Shields        | |  3.6

Action                   || total
-------------------------++-------
Melee: War axe           ||   123
  Use: Potion            ||     1
  Eat: Chunk             ||     1
Armor: Scale mail        ||    35
       Chain mail        ||    26
Dodge: Dodged            ||    36
Block: Shield            ||    60
